AoeStats
← GingerChook

Yucatan

503527743Analyzed
3v3 RM · 1mo ago on Sep 1, 2026· 59m 50s· 6 players
Game mode
Random Map
Map size
Normal (6 player)
Population
200
Speed
Normal
Resources
Standard
Victory
Conquest
Starting age
Dark Age
Ending age
Imperial Age
RankedLock teamsTeams togetherTeam positionsShared explorationLock speedFull tech treeHidden civsTurbo modeCheats
Victory
Defeat
🇦🇺 Britons · Australia
708
+12
🇺🇸 Huns · United States
667
+14
🇦🇷 Khmer · Argentina
664
+14
🇺🇸 Bohemians · United States
625
-14
🇺🇸 Wei · United States
622
-13
🇺🇸 Franks · United States
609
-13
colossal_nutz91
12:38 Feudal Age
16:19 Double-Bit Axe
16:51 Horse Collar
19:32 Castle Age
18:32 Gold Mining
18:33 Stone Mining
26:03 Heavy Plow
27:59 Scale Barding Armor
28:04 Forging
29:19 Chain Barding Armor
29:57 Gold Shaft Mining
30:13 Iron Casting
29:51 Pikeman
30:32 Squires
32:56 Bow Saw
36:41 Imperial Age
36:50 Husbandry
37:01 Bloodlines
36:43 Cavalier
38:11 Paladin
39:34 Plate Barding Armor
40:21 Blast Furnace
41:02 Heavy Cavalry Archer
43:07 Fletching
43:19 Padded Archer Armor
44:50 Masonry
45:41 Chemistry
46:01 Bodkin Arrow
46:22 Leather Archer Armor
nicolas.e.delgadillo96
7:42 Loom
10:02 Feudal Age
15:21 Double-Bit Axe
18:26 Castle Age
20:02 Horse Collar
20:43 Bow Saw
21:48 Heavy Plow
30:12 Imperial Age
28:17 Gold Mining
28:17 Stone Mining
29:14 Wheelbarrow
30:06 Gold Shaft Mining
30:06 Stone Shaft Mining
29:49 Caravan
30:07 Bloodlines
29:57 Husbandry
30:12 Forging
30:41 Hand Cart
29:59 Light Cavalry
32:03 Crop Rotation
32:42 Fletching
32:52 Padded Archer Armor
32:58 Scale Barding Armor
32:53 Scale Mail Armor
33:18 Conscription
34:22 Iron Casting
34:07 Chain Barding Armor
33:43 Bodkin Arrow
34:03 Leather Archer Armor
34:00 Town Watch
35:01 Double Crossbow
36:35 Blast Furnace
37:36 Bracer
39:55 Ballistics
40:36 Chemistry
40:01 Hussar
41:11 Elite Skirmisher
42:39 Ring Archer Armor
45:06 Plate Barding Armor
44:54 Elite Ballista Elephant
48:56 Crossbowman
54:27 Siege Engineers
54:33 Masonry
57:20 Cavalier
GingerChook
6:58 Loom
8:50 Feudal Age
9:38 Double-Bit Axe
9:36 Horse Collar
15:34 Gold Mining
15:36 Town Watch
18:47 Castle Age
18:37 Stone Mining
20:05 Wheelbarrow
19:56 Heavy Plow
23:52 Treadmill Crane
24:33 Ballistics
26:50 Fervor
28:09 Sanctity
28:09 Hand Cart
28:06 Town Patrol
30:06 Gold Shaft Mining
29:44 Masonry
30:27 Padded Archer Armor
30:17 Fletching
31:41 Yeomen
31:53 Murder Holes
32:08 Fortified Wall
36:12 Imperial Age
34:03 Bodkin Arrow
34:05 Gambesons
33:41 Man-at-Arms
34:22 Squires
34:22 Arson
35:23 Bow Saw
35:41 Leather Archer Armor
35:37 Long Swordsman
36:32 Forging
36:23 Scale Mail Armor
38:06 Two-Man Saw
37:34 Illumination
37:24 Block Printing
36:33 Two-Handed Swordsman
37:18 Warwolf
38:11 Ring Archer Armor
38:27 Architecture
38:42 Conscription
39:41 Chemistry
39:32 Champion
43:32 Elite Longbowman
47:43 Siege Engineers
47:42 Bracer
48:18 Iron Casting
47:59 Chain Mail Armor
HF Cecko
0:35 Loom
12:26 Feudal Age
19:58 Castle Age
20:57 Scale Barding Armor
21:03 Forging
23:20 Husbandry
28:21 Stone Mining
28:21 Gold Mining
31:29 #83
34:59 Iron Casting
34:46 Chain Barding Armor
40:47 Imperial Age
40:41 Double-Bit Axe
41:34 Gold Shaft Mining
41:54 Cavalier
43:55 Chivalry
46:39 Paladin
48:35 Capped Ram
O6TheGOAT
0:43 Loom
12:33 Feudal Age
14:39 Wheelbarrow
17:41 Town Watch
18:58 Double-Bit Axe
19:20 Fletching
19:31 Padded Archer Armor
22:31 Castle Age
23:58 Horse Collar
28:12 Imperial Age
25:29 Crossbowman
26:32 Fervor
27:18 Heavy Plow
29:19 Ballistics
29:01 Bodkin Arrow
30:28 Bow Saw
31:48 Chemistry
30:20 Elite Skirmisher
32:23 Fortified Wall
31:54 Treadmill Crane
32:25 Masonry
37:03 Hand Cart
39:14 Two-Man Saw
41:09 Bracer
41:26 Leather Archer Armor
42:13 Caravan
42:30 Town Patrol
41:54 Arbalester
42:04 Pikeman
42:45 Squires
43:12 Conscription
44:56 Ring Archer Armor
44:26 Murder Holes
44:58 Elite Hussite Wagon
47:54 Houfnice
52:06 Siege Engineers
52:32 Architecture
51:52 Guard Tower
51:50 Arrowslits
51:48 Halberdier
54:10 Wagenburg Tactics
60:57 Keep
wyantdayne
0:27 Loom
11:40 Feudal Age
17:01 Castle Age
15:11 Double-Bit Axe
16:29 Horse Collar
17:53 Bow Saw
18:32 Gold Mining
24:26 Imperial Age
22:00 Treadmill Crane
22:15 Stone Mining
24:08 Heavy Plow
24:46 Gold Shaft Mining
25:58 Stone Shaft Mining
26:29 Pikeman
28:29 Elite Skirmisher
29:16 Halberdier
29:58 Fletching
31:12 Ballistics
31:02 Padded Archer Armor
32:05 Squires
33:06 Conscription
33:53 Bloodlines
34:50 Tuntian
36:21 Bodkin Arrow
36:43 Forging
36:41 Scale Barding Armor
36:06 Crossbowman
37:07 Husbandry
38:23 Chemistry
37:28 Scale Mail Armor
39:19 Iron Casting
40:29 Bracer
40:45 Leather Archer Armor
42:12 Heavy Hei Guang Cavalry
43:29 Ring Archer Armor
43:22 Chain Barding Armor
44:03 Blast Furnace
47:39 Elite Tiger Cavalry
53:54 Murder Holes
54:10 Masonry
Connection lost

Rejoining the realm…

Still unreachable

The connection could not be restored.

Session expired

The server has moved on; the page needs a fresh start.